 Dungeon Crawl Stone Soup version 0.31-a0-845-g9abc20d24f (webtiles) character file.

Game seed: 9511257843479708342

8645 GigaChad the Blocker (level 11, 0/81 HPs) *EXPLORE*
             Began as a Formicid Fighter on Oct 2, 2023.
             Was an Initiate of Gozag.
             Slain by a killer bee (4 damage)
             ... on level 9 of the Dungeon.
             The game lasted 00:14:19 (10611 turns).

GigaChad the Blocker (Formicid Fighter)            Turns: 10611, Time: 00:14:20

Health: 0/81       AC: 10    Str: 24    XL:     11   Next: 59%
Magic:  18/18      EV:  8    Int:  9    God:    Gozag
Gold:   1282       SH: 16    Dex: 13    Spells: 20/20 levels left

rFire   . . .        a - +0 war axe
rCold   . . .        q - +0 tower shield
rNeg    . . .        z - +0 swamp dragon scales
rPois   +            (helmet unavailable)
rElec   .            o - +0 cloak
rCorr   .            (no gloves)
SInv    +            (no boots)
Will    +....        (no amulet)
Stlth   ++           (no ring)
HPRegen 0.33/turn    (no ring)
MPRegen 0.16/turn

%: no passive effects
@: lethally poisoned (0 -> -7), gold aura, very slow
A: permanent stasis, dig shafts and tunnels, antennae 3, four strong arms
a: Dig, Shaft Self, Renounce Religion, Potion Petition, Call Merchant, Bribe
Branch


You were on level 9 of the Dungeon.
You worshipped Gozag.
Gozag was most pleased with you.
You visited 2 branches of the dungeon, and saw 10 of its levels.
You also visited: Bailey.

You collected 1397 gold pieces.
You paid 115 gold pieces to Gozag.

Inventory:

Hand Weapons
 a - a +0 war axe (weapon)
 A - a +0 spectral quarterstaff
 C - a +2 heavy orcbow
Missiles
 D - a throwing net
Armour
 b - a +0 scale mail
 c - a +0 buckler
 g - a +0 plate armour
 o - a +0 cloak (worn)
 q - a +0 tower shield (worn)
 z - +0 swamp dragon scales (worn)
Jewellery
 k - a ring of wizardry
Wands
 s - a wand of digging (4)
 v - a wand of polymorph (14)
 F - a wand of flame (12)
Scrolls
 e - 3 scrolls of teleportation
 l - 3 scrolls of blinking
 n - 2 scrolls of poison
 p - a scroll of immolation {unknown}
 r - a scroll of vulnerability {unknown}
 t - 2 scrolls of revelation {unknown}
 u - 2 scrolls of identify
 x - a scroll of brand weapon {unknown}
 y - a scroll of enchant weapon {unknown}
Potions
 d - 3 potions of might
 f - 2 potions of enlightenment {unknown}
 h - 3 potions of degeneration {unknown}
 i - 3 potions of curing {unknown}
 j - 4 potions of mutation {unknown}
 m - a potion of magic {unknown}
 w - 2 potions of berserk rage {unknown}
 B - a potion of haste {unknown}
 E - 2 potions of brilliance {unknown}


   Skills:
 + Level 5.8 Fighting
 * Level 10.7 Axes
 * Level 2.0 Ranged Weapons
 * Level 8.0 Armour
 * Level 6.9 Stealth
 * Level 11.2 Shields
 * Level 5.3 Spellcasting


You had 20 spell levels left.
You didn't know any spells.
Your spell library was empty.

Dungeon Overview and Level Annotations

Branches:
Dungeon (9/15)             Temple (1/1) D:6            Lair (0/5) D:9
 Bailey (visited)
    Orc: D:9-12

Altars:
Ashenzari
Cheibriados
Dithmenos
Elyvilon
Fedhas
Gozag
Kikubaaqudgha
Makhleb
Okawaru
Qazlal
Sif Muna
Trog
Uskayaw
Vehumet
Wu Jian
Xom
Yredelemnul
Zin

Shops:
D:6 [

Annotations:
D:9 3 runed translucent doors, exclusion: obsidian statue, pop123321pop's ghost, journeyman MiBe


Innate Abilities, Weirdness & Mutations

You cannot be hasted, slowed, berserked, paralysed or teleported.
You can dig through walls and to a lower floor.
You have a pair of large antennae on your head. (SInv)
Your four strong arms can wield two-handed weapons with a shield.


Message History

You block the killer bee's attack.
The killer bee stings you but does no damage.
You block the killer bee's attack.
Unknown command.
You closely miss the killer bee.
The killer bee is severely wounded.
You barely miss the killer bee. You closely miss the killer bee.
You feel sick. You block the killer bee's attack. x2
The killer bee stings you but does no damage.
The killer bee stings you!
* * * LOW HITPOINT WARNING * * *
You block the killer bee's attack.
The killer bee stings you but does no damage.
The killer bee closely misses you.
The killer bee stings you but does no damage. x2
You miss the killer bee.
The killer bee is severely wounded.
You barely miss the killer bee. You hit the killer bee.
You feel sick.
The killer bee stings you but does no damage. x2
You block the killer bee's attack. x2; The killer bee stings you.
* * * LOW HITPOINT WARNING * * *
You block the killer bee's attack.
You miss the killer bee.
The killer bee is severely wounded.
You miss the killer bee. You hit the killer bee.
You feel sick. You block the killer bee's attack. The killer bee stings you.
* * * LOW HITPOINT WARNING * * *
The killer bee barely misses you. The killer bee stings you!
* * * LOW HITPOINT WARNING * * *
You are lethally poisoned!
The killer bee poisons you! You block the killer bee's attack.
The killer bee closely misses you.
Your unstable footing causes you to fumble your attack.
* * * LOW HITPOINT WARNING * * *
You feel very sick. You block the killer bee's attack. x2
The killer bee stings you but does no damage.
The killer bee stings you.
You die...
Your body crumbles into a pile of gold.

.....~~~.. ..##~~~~#
#.# #.# ~.#~~~~~###.#
##~##
~~##~~~~....###~~~##
~~~##~~~###.##~~~~~#
~~~...~..##.#~~~~~~#
~~~##..#.##.##~yy~~#.#
~~~#.....##.# #yyy...#
~>~.........# #@#
~~~#.....)..####.###
~~.#......))##.....#
~#.#....(.).##.#.#.#
.#.#####.##.##+#+#'###
.#....##.##..........#
.####.##.##..........#
.# #.##.##..........#
.# #.##.......#'#'###


You could see 5 killer bees.

Vanquished Creatures
  A two-headed ogre (D:8)
  A boulder beetle (D:7)
  2 orc knights (Bailey)
  Maggie (D:7)
  A hornet (D:9)
  A troll (D:9)
  Grinder (D:4)
  8 yaks
  A wyvern (D:7)
  3 steam dragons
  Menkaure (D:7)
  2 wargs (D:9)
  A water moccasin (D:7)
  8 orc warriors
  An ice beast (D:5)
  2 sky beasts
  2 black bears
  An ogre (D:4)
  A centaur (D:6)
  3 kobold brigands
  4 phantoms
  5 bullfrogs
  4 scorpions
  A killer bee (D:9)
  2 howler monkeys
  4 electric eels (D:9)
  A gnoll bouda (D:8)
  A jelly (D:8)
  4 hounds
  2 orc priests
  3 iguanas
  3 sleepcaps
  7 orc wizards
  3 gnolls (D:8)
  10 adders
  2 shadow imps
  3 white imps
  3 ufetubi (D:6)
  A worm (D:2)
  2 dart slugs (D:1)
  36 orcs
  13 ball pythons
  7 endoplasms
  5 giant cockroaches
  6 goblins
  6 hobgoblins
  10 jackals
  6 quokkas
  8 bats
  5 frilled lizards
  17 kobolds
  8 rats
234 creatures vanquished.

Vanquished Creatures (others)
  An orc (D:8)
  2 kobolds (D:9)
3 creatures vanquished.

Grand Total: 237 creatures vanquished

Notes
Turn   | Place    | Note
-------+----------+-------------------------------------------
     0 | D:1      | GigaChad the Formicid Fighter began the quest for the Orb.
     0 | D:1      | Reached XP level 1. HP: 18/18 MP: 1/1
     0 | D:1      | Entered explore mode.
    47 | D:1      | Reached XP level 2. HP: 24/24 MP: 2/2
   296 | D:1      | Reached XP level 3. HP: 23/29 MP: 3/3
   825 | D:2      | Reached XP level 4. HP: 35/35 MP: 5/5
   840 | D:2      | Reached skill level 1 in Stealth
   906 | D:2      | Reached skill level 1 in Spellcasting
   931 | D:2      | Found a bloodstained altar of Trog.
  1206 | D:2      | Found a faded altar of an unknown god.
  1556 | D:3      | Reached XP level 5. HP: 32/41 MP: 6/6
  1810 | D:3      | Found an ornate altar of the Wu Jian Council.
  2420 | D:4      | Noticed a bullfrog
  2428 | D:4      | Killed a bullfrog
  2429 | D:4      | Reached XP level 6. HP: 36/47 MP: 6/8
  2470 | D:4      | Found a glowing silver altar of Zin.
  2519 | D:4      | Noticed an ogre
  2529 | D:4      | Killed an ogre
  2679 | D:4      | Killed by divine providence
                  | ... invoked by an orc priest
                  | (13 damage)
  2718 | D:4      | Reached XP level 7. HP: 37/53 MP: 9/9
  2765 | D:4      | Reached skill level 5 in Axes
  2765 | D:4      | Reached skill level 5 in Shields
  2893 | D:4      | Noticed Grinder
  2911 | D:4      | HP: 1/53 [Grinder (3)]
  2912 | D:4      | Slain by Grinder (2 damage)
  2921 | D:4      | Killed Grinder
  3312 | D:5      | Entered Level 5 of the Dungeon
  3482 | D:5      | Reached skill level 5 in Armour
  3482 | D:5      | Reached XP level 8. HP: 52/60 MP: 11/11
  3757 | D:5      | Found a shimmering altar of Xom.
  3878 | D:5      | Reached skill level 6 in Shields
  3971 | D:5      | Found a burning altar of Makhleb.
  4651 | D:5      | Reached XP level 9. HP: 56/66 MP: 13/13
  4752 | D:6      | Found a staircase to the Ecumenical Temple.
  4782 | Temple   | Entered the Ecumenical Temple
  4795 | Temple   | Became a worshipper of Gozag Ym Sagoz the Greedy
  4816 | D:6      | Found Riafofiu's Antique Armour Boutique.
  5061 | D:6      | Reached skill level 7 in Shields
  5113 | D:6      | Found a white marble altar of Elyvilon.
  5138 | D:6      | Killed from afar by a steam dragon (18 damage)
                  | ... with a ball of steam
  5417 | D:6      | Found a broken altar of Ashenzari.
  5452 | D:6      | Found a stormy altar of Qazlal.
  6224 | D:7      | Noticed Maggie
  6225 | D:7      | Noticed Menkaure
  6234 | D:7      | Killed Menkaure
  6235 | D:7      | Reached skill level 8 in Shields
  6242 | D:7      | Killed from afar by Maggie (19 damage)
                  | ... with a bolt of fire
  6248 | D:7      | Killed Maggie
  6249 | D:7      | Reached skill level 5 in Stealth
  6404 | D:7      | Found a radiant altar of Vehumet.
  6455 | D:7      | Reached XP level 10. HP: 37/73 MP: 15/15
  6569 | D:7      | Found a snail-covered altar of Cheibriados.
  6890 | D:7      | Noticed a boulder beetle
  6918 | D:7      | Mangled by a boulder beetle (22 damage)
  6936 | D:7      | Slain by a boulder beetle (19 damage)
  6950 | D:7      | Killed a boulder beetle
  6951 | D:7      | Reached skill level 5 in Fighting
  6951 | D:7      | Reached skill level 9 in Shields
  7312 | D:8      | Found a flagged portal.
  7322 | Bailey   | Entered a bailey
  7542 | Bailey   | Slain by an orc warrior
                  | ... wielding a +0 glaive
                  | (12 damage)
  7632 | Bailey   | Noticed an orc knight
  7660 | Bailey   | HP: 1/74 [orc warrior/+0 halberd (5)]
  7661 | Bailey   | Demolished by an orc knight
                  | ... wielding a +0 halberd
                  | (16 damage)
  7673 | Bailey   | HP: 3/74 [orc knight/+0 halberd (20)]
  7674 | Bailey   | Slain by an orc knight
                  | ... wielding a +0 halberd
                  | (7 damage)
  7681 | Bailey   | Killed an orc knight
  7771 | Bailey   | Reached skill level 10 in Shields
  7920 | Bailey   | Noticed an orc knight
  7932 | Bailey   | Mangled by an orc knight
                  | ... wielding a +0 trident
                  | (15 damage)
  7949 | Bailey   | Killed an orc knight
  8417 | D:8      | Found a hide-covered altar of Uskayaw.
  8487 | D:8      | Reached XP level 11. HP: 49/80 MP: 18/18
  8970 | D:8      | Noticed a two-headed ogre
  8983 | D:8      | Mangled by a two-headed ogre
                  | ... wielding a +0 giant spiked club
                  | (21 damage)
  8989 | D:8      | Splashed by a jelly's acid (9 damage)
  8990 | D:8      | Killed a two-headed ogre
  8991 | D:8      | Reached skill level 10 in Axes
  8991 | D:8      | Reached skill level 1 in Ranged Weapons
  8991 | D:8      | Reached skill level 5 in Spellcasting
  9582 | D:9      | HP: 2/81 [electric eel/bolt of electricity (9)]
  9868 | D:9      | Found a runed translucent gate.
  9868 | D:9      | Found a runed translucent gate.
  9868 | D:9      | Found a runed translucent gate.
  9870 | D:9      | Found an opulent altar of Gozag.
  9870 | D:9      | Noticed a boulder beetle
  9870 | D:9      | Noticed a purple ugly thing
  9871 | D:9      | Noticed an obsidian statue
  9872 | D:9      | Noticed pop123321pop's ghost (journeyman MiBe)
  9872 | D:9      | Noticed a deep elf pyromancer
  9886 | D:9      | Found a bloodstained altar of Trog.
  9909 | D:9      | Reached skill level 11 in Shields
  9923 | D:9      | Found a staircase to the Lair.
  9926 | D:9      | Slain by a troll (10 damage)
  9933 | D:9      | Slain by an orc warrior
                  | ... wielding a +0 glaive
                  | (11 damage)
  9937 | D:9      | HP: 3/81 [troll (2)]
  9937 | D:9      | Slain by a troll (3 damage)
  9956 | D:9      | Slain by an orc warrior
                  | ... wielding a +0 glaive
                  | (9 damage)
 10277 | D:9      | Killed from afar by an electric eel (12 damage)
                  | ... with a bolt of electricity
 10292 | D:9      | HP: 1/81 [electric eel/bolt of electricity (4)]
 10293 | D:9      | Killed from afar by an electric eel (4 damage)
                  | ... with a bolt of electricity
 10309 | D:9      | HP: 2/81 [electric eel/bolt of electricity (6)]
 10611 | D:9      | HP: 4/81 [poisoned by a killer bee]
 10611 | D:9      | Slain by a killer bee

Illustrated notes

Levels and vault maps discovered:
D:1:      mushboom_english_gardens, layout_basic, item_on_display_a
D:2:      layout_loops_corners, nicolae_ecumenical_oubliette, basic_altar,
          minmay_indecisive_spiral
D:3:      layout_basic, mainiacjoe_overflow_cross_hatched, minmay_misc_feat_rows
D:4:      layout_cave_pods, zin_academy, uniq_grinder
D:5:      minmay_chambers_of_threes, layout_cave_pools,
          mainiacjoe_overflow_paths, xom_teletrap_fun
D:6:      layout_basic, grunt_qazlal_clouds, nicolae_overflow_crystal_walls,
          nicolae_elyvilon_peaceful_grove, minmay_temple_entry_mini_moons,
          serial_shops, shop
D:7:      layout_loops_ring, lemuel_crystal_altar,
          mainiacjoe_overflow_boulevard, uniq_maggie, uniq_menkaure
D:8:      layout_cave_pools, mainiacjoe_overflow_alcove_1, enter_bailey_2,
          enter_ossuary_2, hangedman_decor_peaks_small
D:9:      layout_basic, bloody_trog, gammafunk_temple_overflow_arena,
          erik_lair_orcish_takeover, ebering_ghost_gozag, uniq_gastronok,
          uniq_joseph
Temple:   nicolae_temple_little_seven

Skill      XL: |  1  2  3  4  5  6  7  8  9 10 11 |
---------------+----------------------------------+-----
Axes           | 3 4 5 6 8 9 10 | 10.7
Stealth        | 1 2 3 5 6 |  6.9
Spellcasting   | 1 2 3 4 5 |  5.3
Armour         | 4 5 6 7 8 |  8.0
Shields        | 5 6 8 10 11 | 11.2
Fighting       | 4 5 |  5.8
Ranged Weapons | 2 |  2.0

Action                     |  1- 3 |  4- 6 |  7- 9 | 10-12 || total
---------------------------+-------+-------+-------+-------++-------
  Melee: War axe           |    93 |   154 |   350 |   506 ||  1103
Ability: Dig               |       |       |     1 |     2 ||     3
    Use: Scroll            |       |     4 |       |       ||     4
   Stab: Sleeping          |       |       |       |     3 ||     3
         Distracted        |       |       |       |     2 ||     2
 Armour: Scale mail        |    60 |       |       |       ||    60
         Plate armour      |    20 |   142 |   335 |       ||   497
         Swamp dragon scal |       |       |    16 |   425 ||   441
  Dodge: Dodged            |    62 |    47 |    85 |   145 ||   339
  Block: Buckler           |    31 |    43 |     9 |       ||    83
         Tower shield      |       |       |   314 |   482 ||   796

Table legend: (Time is in decaauts)
 A = Elapsed time spent in this place.
 B = Non-inter-level travel time spent in this place.
 C = Inter-level travel time spent in this place.
 D = Time resting spent in this place.
 E = Time spent auto-exploring this place.
 F = Levels seen in this place.
 G = Mean time per level.
                   A        B        C        D        E       F      G
               +--------+--------+--------+--------+--------+-----+--------+
         Total |  10984 |  10734 |    250 |    737 |   7392 |  11 |  998.5 |
       Dungeon |   9822 |   9579 |    243 |    650 |   6765 |   9 | 1091.3 |
        Temple |     21 |     14 |      7 |      0 |      0 |   1 |   21.0 |
        Bailey |   1139 |   1139 |      0 |     87 |    627 |   1 | 1139.0 |
               +--------+--------+--------+--------+--------+-----+--------+

Top non-repeatable levels by time:
     D:5: 1502 daAuts
     D:7: 1355 daAuts
     D:6: 1269 daAuts
     D:8: 1168 daAuts
  Bailey: 1139 daAuts
     D:9: 1115 daAuts
     D:2: 952 daAuts
     D:4: 936 daAuts
     D:3: 878 daAuts
     D:1: 645 daAuts
  Temple: 21 daAuts
